 Dungeon Crawl Stone Soup version 0.29.1-12-g30fa7ad0bf (webtiles) character file.

Game seed: 16796467797963795018

1176 styxcanada the Covert (level 8, -6/40 HPs)
             Began as a Spriggan Brigand on Dec 26, 2022.
             Was an Initiate of Gozag.
             Killed from afar by Dowan (20 damage)
             ... with a shard of ice
             ... on level 6 of the Dungeon.
             The game lasted 00:22:53 (6751 turns).

styxcanada the Covert (Spriggan Brigand)            Turns: 6751, Time: 00:22:54

Health: -6/40      AC:  5    Str: 18    XL:     8   Next: 18%
Magic:  13/13      EV: 20    Int: 12    God:    Gozag
Gold:   299        SH:  0    Dex: 19    Spells: 9/12 levels left

rFire   + . .      SeeInvis +   p - +1 dagger (venom)
rCold   . . .      Faith    .   (no shield)
rNeg    . . .      Spirit   .   g - +2 robe of a Hundred Princes {Str+5}
rPois   .          Reflect  .   (helmet restricted)
rElec   .          Harm     .   c - +0 cloak
rCorr   .          Rampage  .   (gloves unavailable)
Will    +....                   (boots unavailable)
Stlth   +++++.....              (no amulet)
HPRegen 0.13/turn               v - +6 ring of strength
MPRegen 0.13/turn               u - ring of protection from fire

@: very quick
A: very small, no large weapons, unfitting armour, see invisible, speed 3
a: Renounce Religion, Potion Petition, Call Merchant, Bribe Branch


You were on level 6 of the Dungeon.
You worshipped Gozag.
Gozag was aware of your devotion.
You visited 1 branch of the dungeon, and saw 6 of its levels.

You collected 549 gold pieces.
You spent 226 gold pieces at shops.
You paid 24 gold pieces to Gozag.

Inventory:

Hand Weapons
 a - a +2 dagger
 l - a +2 dagger of speed
 p - a +1 dagger of venom (weapon)
Missiles
 e - 3 curare-tipped darts
 i - 31 stones
 n - 7 poisoned darts (quivered)
 o - 4 boomerangs
Armour
 c - a +0 cloak (worn)
 g - the +2 robe of a Hundred Princes (worn) {Str+5}
   (You bought it in a shop on level 2 of the Dungeon)

   Str:       It affects your strength (+5).
Jewellery
 f - a ring of protection from cold
 u - a ring of protection from fire (right hand)
 v - a +6 ring of strength (left hand)
Wands
 q - a wand of polymorph (3)
 y - a wand of roots (11)
Scrolls
 b - a scroll of identify
 d - a scroll of magic mapping
 j - a scroll of fog
 m - a scroll of poison
 t - a scroll of teleportation
Potions
 h - a potion of brilliance
 k - 2 potions of curing
 r - a potion of magic
 s - 2 potions of haste
 x - a potion of lignification
 z - a potion of cancellation


   Skills:
 * Level 3.3 Fighting
 + Level 4.1 Short Blades
 + Level 2.8 Throwing
 * Level 4.9 Dodging
 * Level 10.5 Stealth
 * Level 2.9 Spellcasting
 * Level 1.9 Summonings
 * Level 2.8 Evocations


You had 9 spell levels left.
You knew the following spells:

 Your Spells              Type           Power      Damage    Failure   Level
a - Call Canine Familiar  Summ           6%         N/A       32%         3

Your spell library contained the following spells:

 Spells                   Type           Power      Damage    Failure   Level
 Summon Small Mammal      Summ           24%        N/A       11%         1
 Static Discharge         Conj/Air       1%         3-4/arc   36%         2
 Summon Guardian Golem    Hex/Summ       4%         N/A       45%         3
 Inner Flame              Hex/Fire       1%         N/A       58%         3
 Tukima's Dance           Hex            1%         N/A       58%         3
 Animate Armour           Summ/Erth      8%         N/A       86%         4
 Cause Fear               Hex            0%         N/A       94%         4
 Dispel Undead            Necr           1%         3d6       94%         4
 Passage of Golubria      Tloc           1%         N/A       94%         4
 Sticky Flame             Conj/Fire      1%         2d3       94%         4
 Blade Hands              Tmut           0%         N/A       100%        5
 Yara's Violent Unravell  Hex/Tmut       0%         3d3       100%        5
 Iron Shot                Conj/Erth      0%         9d1       100%        6
 Orb of Destruction       Conj           0%         9d5       100%        7
 Spellforged Servitor     Conj/Summ      2%         N/A       100%        7
 Discord                  Hex            0%         N/A       100%        8


Dungeon Overview and Level Annotations

Branches:
Dungeon (6/15)             Temple (0/1) D:4

Altars:
Elyvilon
Gozag
Xom
Yredelemnul
The Shining One

Shops:
D:2 *[:[   D:4 *   D:6 ?

Annotations:
D:6 Dowan


Innate Abilities, Weirdness & Mutations

You are very small and have problems with some larger weapons.
You are too small for most types of armour.
You have supernaturally acute eyesight. (SInv)
You cover ground extremely quickly. (Speed+++)


Message History

Duvessa is heavily wounded.
Duvessa barely misses you.
You hit Duvessa but do no damage.
Duvessa looks as sick as possible!
Duvessa is severely wounded.
Duvessa hits you with a +0 rapier!
* * * LOW HITPOINT WARNING * * *
You hit Duvessa.
Duvessa is severely wounded.
Duvessa closely misses you. Duvessa misses you.
You kill Duvessa!
You hear a distant wail of despair.
Dowan seems to find hidden reserves of power!
Dowan is nearby!
You start resting.
Dowan is nearby!
You hit Dowan.
Dowan is poisoned.
Dowan is lightly wounded.
Dowan hits you with a +5 dagger of protection.
* * * LOW HITPOINT WARNING * * *
You hit Dowan.
Dowan is lightly wounded.
Dowan completely misses you.
Throw: 9 darts (poison)
Press: ? - help, Q - select action, (/) - cycle Shift-Dir - straight line, f - Dowan
Aim: Dowan, wielding a +5 dagger of protection and wearing a +0 robe (moderately wounded, fast, poisoned, 53% to hit)
You throw a poisoned dart. The poisoned dart misses Dowan.
Unknown command.
Dowan gestures at you while chanting. The shard of ice misses you.
Dowan looks more healthy.
Throw: 8 darts (poison)
Press: ? - help, Q - select action, (/) - cycle Shift-Dir - straight line, f/p - Dowan
Aim: Dowan, wielding a +5 dagger of protection and wearing a +0 robe (heavily wounded, fast, 53% to hit)
You throw a poisoned dart. The poisoned dart hits Dowan.
Dowan is poisoned.
Dowan is heavily wounded.
Dowan gestures at you while chanting. The shard of ice hits you!!
Ouch! That really hurt!
You die...
Your body crumbles into a pile of gold.

.. #....# #.#.#
..#####.##.#####.#.#
......(....e...#.#.#
..#####.##.###.#.#.##
## #....(.$.#....#
#######.##.##########
#.$.................
#.#####..########.###
#.#......(...e..@...#
#.#.###..############
#.#.# #..# ..#.# #..#
..#.# #..# e.#.# #..#
.##.# #..# .##.# #..#
.##.#


You could see Dowan (fast, poisoned).

Vanquished Creatures
  Duvessa (D:6)
  2 ice beasts (D:5)
  An ogre (D:4)
  A centaur (D:5)
  A phantom (D:5)
  2 necrophages
  A hound (D:5)
  2 jellies (D:5)
  3 orc priests (D:4)
  Jessica (D:2)
  Natasha (thrice) (D:2)
  Ijyb (D:3)
  An iguana (D:5)
  Robin (D:2)
  8 adders
  A white imp (D:6)
  3 ufetubi
  A worm (D:3)
  A dart slug (D:4)
  17 orcs
  8 bats
  8 endoplasms
  3 giant cockroaches
  14 goblins
  6 hobgoblins
  5 kobolds
  2 quokkas
  9 ball pythons
  3 frilled lizards
  2 rats (D:3)
112 creatures vanquished.

Notes
Turn   | Place    | Note
-------+----------+-------------------------------------------
     0 | D:1      | styxcanada the Spriggan Brigand began the quest for the
                  | Orb.
     0 | D:1      | Reached XP level 1. HP: 10/10 MP: 2/2
   171 | D:1      | Reached skill level 6 in Stealth
   558 | D:1      | Reached XP level 2. HP: 14/14 MP: 3/3
  1163 | D:2      | Found Kuilesm's Book Shoppe.
  1238 | D:2      | Reached skill level 7 in Stealth
  1315 | D:2      | Found Batiroh's Armour Emporium.
  1365 | D:2      | Reached XP level 3. HP: 18/18 MP: 4/4
  1393 | D:2      | Noticed Jessica
  1400 | D:2      | Killed Jessica
  1408 | D:2      | Found a shimmering altar of Xom.
  1433 | D:2      | Noticed Natasha
  1461 | D:2      | Reached XP level 4. HP: 23/23 MP: 5/5
  1511 | D:2      | Killed Natasha
  1512 | D:2      | Reached skill level 8 in Stealth
  1651 | D:2      | Noticed Natasha
  1668 | D:2      | Killed Natasha
  1859 | D:2      | Found a faded altar of an unknown god.
  1983 | D:2      | Reached XP level 5. HP: 19/26 MP: 6/6
  1989 | D:2      | Noticed Natasha
  1992 | D:2      | Killed Natasha
  2326 | D:2      | Noticed Robin
  2337 | D:2      | Killed Robin
  2868 | D:2      | Found Umonnovown's Antique Armour Boutique.
  2912 | D:2      | Found Werreu's General Store.
  3399 | D:3      | Noticed Ijyb
  3404 | D:3      | Killed Ijyb
  3405 | D:3      | Reached skill level 9 in Stealth
  3411 | D:3      | Learned a level 3 spell: Call Canine Familiar
  3458 | D:3      | Found a glowing golden altar of the Shining One.
  3507 | D:3      | Found an opulent altar of Gozag.
  3516 | D:3      | Became a worshipper of Gozag Ym Sagoz the Greedy
  3908 | D:4      | Found a basalt altar of Yredelemnul.
  3938 | D:4      | Found a white marble altar of Elyvilon.
  3972 | D:4      | Reached skill level 1 in Spellcasting
  3985 | D:4      | Reached XP level 6. HP: 32/32 MP: 8/8
  4066 | D:4      | Found a staircase to the Ecumenical Temple.
  4145 | D:4      | Found Moeghomi's General Store.
  4355 | D:4      | Reached skill level 1 in Evocations
  4843 | D:2      | Bought a transparent robe for 142 gold pieces
  4843 | D:2      | Identified the +2 robe of a Hundred Princes {Str+5} (You
                  | bought it in a shop on level 2 of the Dungeon)
  4905 | D:5      | Entered Level 5 of the Dungeon
  4940 | D:5      | Reached skill level 1 in Summonings
  4940 | D:5      | Reached XP level 7. HP: 16/35 MP: 10/10
  5779 | D:5      | Reached skill level 10 in Stealth
  6349 | D:6      | Reached XP level 8. HP: 40/40 MP: 12/12
  6449 | D:6      | Found Nuozeuci's Magic Scroll Emporium.
  6480 | D:6      | Bought 3 scrolls of identify for 84 gold pieces
  6668 | D:6      | Noticed Duvessa
  6668 | D:6      | Noticed Dowan
  6707 | D:6      | Killed Duvessa
  6751 | D:6      | Killed from afar by Dowan

Illustrated notes

Levels and vault maps discovered:
D:1:      grunt_arrival_lava_bath, layout_basic
D:2:      layout_loops_ring, serial_shops, nicolae_shop_hallway_plus, shop,
          shop_statue, nicolae_shop_hallway_stairs, basic_altar,
          hellmonk_ecumenical_altar_defaced_shrine, small_statue_intersection,
          minmay_misc_feat_nine_boxes, patterned_corridor, uniq_natasha,
          uniq_robin, uniq_jessica
D:3:      layout_basic, nicolae_overflow_hidden_temple, lemuel_crystal_altar,
          uniq_ijyb
D:4:      layout_rooms, mainiacjoe_overflow_small_starburst, elyvilon_altar_5,
          minmay_temple_entry_offerings, serial_shops, nicolae_take_the_stairs
D:5:      layout_loops_ring, nrook_pool_corridor
D:6:      layout_basic, serial_shops, nicolae_shop_stone, minmay_misc_feat_iff,
          uniq_grinder, uniq_sigmund, uniq_duvessa

Skill      XL: |  1  2  3  4  5  6  7 |
---------------+----------------------+-----
Stealth        | 6 7 8 9 10 | 10.5
Fighting       | 2 3 |  3.3
Dodging        | 2 3 4 |  4.9
Spellcasting   | 1 2 |  2.9
Short Blades   | 3 4 |  4.1
Evocations     | 1 2 |  2.8
Summonings     | 1 |  1.9
Throwing       | |  2.8

Action                   |  1- 3 |  4- 6 |  7- 9 || total
-------------------------+-------+-------+-------++-------
Melee: Dagger            |    46 |   211 |   113 ||   370
       Unarmed           |       |     4 |       ||     4
       Punch             |       |     2 |     1 ||     3
Throw: Dart              |     4 |    32 |     6 ||    42
  Use: Potion            |       |     4 |       ||     4
       Scroll            |       |     9 |     6 ||    15
 Stab: Sleeping          |    14 |    13 |     6 ||    33
       Distracted        |       |     3 |     1 ||     4
Armor: Robe              |     8 |    15 |    26 ||    49
       Skin              |       |     1 |       ||     1
Dodge: Dodged            |    25 |    84 |    94 ||   203
